 Dungeon Crawl Stone Soup version 0.19.1 (webtiles) character file.

9354 Host24 the Quickloader (level 11, -7/76 HPs)
             Began as a Kobold Hunter on Dec 31, 2016.
             Was an Elder of Okawaru.
             Mangled by a vampire (11 damage)
             ... on level 10 of the Dungeon.
             The game lasted 00:24:41 (11886 turns).

Host24 the Quickloader (Kobold Hunter)             Turns: 11886, Time: 00:24:41

Health: -7/76      AC:  7    Str: 11    XL:     11   Next: 72%
Magic:  0/14       EV: 24    Int: 12    God:    Okawaru [****..]
Gold:   466        SH:  0    Dex: 21    Spells: 0 memorised, 10 levels left

rFire  . . .     SeeInvis .     o - +9 rapier of Veonneco {speed, Dex+3}
rCold  + . .     Gourm    .     U - +3 leather armour {rC+}
rNeg   + . .     Faith    .     (shield restricted)
rPois  .         Spirit   +     x - +0 helmet
rElec  .         Reflect  .     (no cloak)
rCorr  .         Harm     .     (no gloves)
MR     .....                    (no boots)
Stlth  +.........               v - amulet of guardian spirit
                                b - ring of positive energy
                                (no ring)

@: confused
A: carnivore 3
a: Heroism, Renounce Religion


You were on level 10 of the Dungeon.
You worshipped Okawaru.
Okawaru was greatly pleased with you.
You were full.

You visited 2 branches of the dungeon, and saw 11 of its levels.

You collected 466 gold pieces.

Inventory:

Hand Weapons
 a - a +1 hand crossbow
 c - a +2 war axe of venom
 e - a +1 shortbow of freezing
 o - the +9 rapier of Veonneco (weapon) {speed, Dex+3}
   (You found it on level 4 of the Dungeon)

   Attacks with this weapon are significantly faster.
   It affects your dexterity (+3).
 s - a -1 dagger
 A - a +5 flail of holy wrath
 E - a +0 dagger of venom
 L - a +1 antimagic falchion
 P - a +2 whip of electrocution
Missiles
 d - 131 bolts
 i - 292 stones (quivered)
 l - 33 poisoned needles
 q - 14 tomahawks
 r - 196 arrows
 F - 3 throwing nets
 K - 60 sling bullets
Armour
 x - a +0 helmet (worn)
 U - a +3 leather armour of cold resistance (worn)
Magical Staves
 O - an uncursed staff of air
Jewellery
 b - a ring of positive energy (right hand)
 v - an amulet of guardian spirit (around neck)
Wands
 u - a wand of enslavement (9/24)
 G - a wand of slowing (32/48)
 N - a wand of slowing (13/48)
Scrolls
 g - a scroll of summoning {unknown}
 k - 12 scrolls of identify
 p - 7 scrolls of teleportation
 t - a scroll of enchant weapon {unknown}
 y - 4 scrolls of remove curse
 B - a scroll of magic mapping
Potions
 h - 3 potions of curing
 j - 3 potions of flight
 z - a potion of brilliance
 D - 2 potions of lignification {unknown}
 V - 2 potions of magic {unknown}
Books
 m - a book of Geomancy

   Spells                             Type                      Level
   a - Sandblast                      Earth                        1
   b - Passwall                       Transmutation/Earth          2
   c - Stone Arrow                    Conjuration/Earth            3
   d - Petrify                        Transmutation/Earth          4
   e - Lee's Rapid Deconstruction     Earth                        5
 R - a book of Frost

   Spells                             Type                      Level
   a - Freeze                         Ice                          1
   b - Throw Frost                    Conjuration/Ice              2
   c - Ozocubu's Armour               Charms/Ice                   3
   d - Throw Icicle                   Conjuration/Ice              4
   e - Summon Ice Beast               Ice/Summoning                4
Comestibles
 f - 4 meat rations
 n - 2 beef jerkies
 J - 2 slices of pizza
 S - a royal jelly


   Skills:
 - Level 12.0 Fighting
 + Level 12.2 Crossbows
 - Level 11.0 Dodging
 - Level 1.3 Stealth
 - Level 4.1 Invocations


You had 10 spell levels left.
You didn't know any spells.

Dungeon Overview and Level Annotations

Branches:
Dungeon (10/15)            Temple (1/1) D:7
   Lair: D:8-11         Orc: D:9-12

Altars:
Cheibriados
Elyvilon
Kikubaaqudgha
Okawaru
Qazlal
Ru
Sif Muna
Vehumet
Zin
The Shining One

Shops:
D:5 [*[?*   D:10 ?


Innate Abilities, Weirdness & Mutations

You are small and have problems with some larger weapons.
You are carnivorous and can eat meat at any time.


Message History

Something bites you but does no damage.
You miss something. Something misses you.
Something bites you but does no damage.
You hit something.
You hear some strange, mumbled words.
Something tries to affect you, but you resist.
You hit something but do no damage. Something hits you.
* * * LOW HITPOINT WARNING * * *
Something closely misses you.
Your leather armour prevents you from hitting something.
You miss something. Something barely misses you. Something closely misses you.
You hit something but do no damage.
You hear some strange, mumbled words.
You are confused.
Something closely misses you. Something misses you.
Something closely misses you. Something bites you!
* * * LOW HITPOINT WARNING * * *
Something draws strength from your injuries!
Something hits you!
You die...

######### #######
#.......# ......#
###.......# ## ......#
##.'..@....# .o.
......# ##..#...{>..#
.... ......#
#..##.......#
####.....
......####.###..[....#
##(()...o.
......#....#
#.......###..##.o...
......'.####
#.......'(..##


oo.. ....^.### #.......##### o.. ......# #.......# .. ...)..# #####+### . There
were no monsters in sight!

Vanquished Creatures
  The ghost of Host24 the Nimble, a novice KoHu of Okawaru (D:8)
  Pikel (D:7)
  A hill giant (D:10)
  2 trolls
  A hornet (D:10)
  Grinder (D:4)
  2 two-headed ogres
  A hippogriff (D:9)
  9 yaks
  Eustachio (D:5)
  2 hungry ghosts (D:10)
  Edmund (D:5)
  Menkaure (D:6)
  2 water moccasins (D:9)
  2 sky beasts (D:5)
  2 ice beasts
  4 slaves
  3 orc warriors
  A black bear (D:9)
  4 ogres
  3 phantoms
  5 centaurs
  A big kobold (D:7)
  A crocodile (D:8)
  4 bullfrogs
  A gnoll sergeant (D:6)
  2 scorpions
  5 killer bees (D:10)
  4 wights (D:10)
  A vampire bat (D:2)
  2 bullfrog zombies
  7 crimson imps
  A centaur skeleton (D:10)
  4 hounds
  A jelly (D:7)
  6 orc priests
  An orc wizard (D:6)
  7 iguanas
  7 worker ants
  A killer bee zombie (D:7)
  2 worker ant zombies
  16 gnolls
  6 adders
  5 river rats (D:5)
  4 shadow imps
  3 oozes
  2 adder skeletons
  An adder zombie (D:6)
  7 worms
  A dart slug (D:1)
  4 leopard geckos
  33 orcs
  3 ball pythons
  2 bat skeletons (D:2)
  2 bat zombies (D:2)
  4 giant cockroaches
  11 goblins
  11 hobgoblins
  3 jackals (D:1)
  8 quokkas
  6 bats
  6 frilled lizards
  15 kobolds
  A quokka skeleton (D:8)
  28 rats
290 creatures vanquished.

Notes
Turn   | Place    | Note
-------+----------+-------------------------------------------
     0 | D:1      | Host24 the Kobold Hunter began the quest for the Orb.
     0 | D:1      | Reached XP level 1. HP: 12/12 MP: 1/1
    48 | D:1      | Reached XP level 2. HP: 10/18 MP: 2/2
   601 | D:1      | Reached XP level 3. HP: 17/23 MP: 3/3
   812 | D:1      | Reached skill level 5 in Crossbows
  1369 | D:2      | Reached XP level 4. HP: 28/29 MP: 4/4
  1670 | D:2      | Found an ancient bone altar of Kikubaaqudgha.
  1687 | D:2      | Reached XP level 5. HP: 29/34 MP: 5/5
  1744 | D:2      | Found a stormy altar of Qazlal.
  1796 | D:2      | Reached skill level 5 in Fighting
  1870 | D:2      | Found a glowing golden altar of the Shining One.
  1870 | D:2      | Found a faded altar of an unknown god.
  1875 | D:2      | Found a faded altar of an unknown god.
  1882 | D:2      | Found a faded altar of an unknown god.
  1883 | D:2      | Found a faded altar of an unknown god.
  2307 | D:2      | Found a sacrificial altar of Ru.
  2816 | D:3      | Found a snail-covered altar of Cheibriados.
  2879 | D:2      | Reached XP level 6. HP: 8/40 MP: 6/6
  3215 | D:3      | Reached skill level 5 in Dodging
  3608 | D:3      | Found a radiant altar of Vehumet.
  4266 | D:4      | Noticed Grinder
  4273 | D:4      | Paralysed by Grinder for 5 turns
  4511 | D:4      | Paralysed by Grinder for 4 turns
  4530 | D:4      | Killed Grinder
  4530 | D:4      | Reached XP level 7. HP: 35/44 MP: 7/7
  4675 | D:4      | Got an iridescent rapier
  4692 | D:4      | Identified the +9 rapier of Veonneco {speed, Dex+3} (You found it on level 4 of the Dungeon)
  4826 | D:5      | Entered Level 5 of the Dungeon
  4826 | D:5      | Found Ditulig's Antique Armour Shoppe.
  4848 | D:5      | Found Qithriy's Assorted Antiques.
  4871 | D:5      | Found Peutwusch's Antique Armour Shop.
  4930 | D:5      | Noticed Edmund
  4942 | D:5      | Killed Edmund
  4942 | D:5      | Reached XP level 8. HP: 52/52 MP: 8/8
  4962 | D:5      | Found Jokaabb's Assorted Antiques.
  4967 | D:5      | Found Satig's Magic Scroll Shoppe.
  5132 | D:5      | Noticed Eustachio
  5191 | D:5      | Killed Eustachio
  5387 | D:5      | Found a white marble altar of Elyvilon.
  5481 | D:5      | Found a glowing silver altar of Zin.
  5826 | D:6      | Noticed a two-headed ogre
  5834 | D:6      | Killed a two-headed ogre
  5834 | D:6      | Reached XP level 9. HP: 54/60 MP: 9/9
  5849 | D:6      | Noticed Menkaure
  5857 | D:6      | Killed Menkaure
  6125 | D:6      | Found a deep blue altar of Sif Muna.
  6948 | D:7      | Noticed Pikel
  7114 | D:7      | Found a staircase to the Ecumenical Temple.
  7117 | Temple   | Entered the Ecumenical Temple
  7123 | Temple   | Became a worshipper of Warmaster Okawaru
  7318 | D:7      | Killed Pikel
  7318 | D:7      | Reached skill level 10 in Crossbows
  7318 | D:7      | Reached XP level 10. HP: 37/66 MP: 10/10
  7378 | D:7      | Reached * piety under Okawaru
  7753 | D:7      | Reached skill level 10 in Fighting
  8943 | D:8      | Noticed Host24's ghost (novice KoHu)
  8983 | D:8      | Killed Host24's ghost
  9519 | D:9      | Reached ** piety under Okawaru
  9555 | D:9      | Reached skill level 10 in Dodging
  9555 | D:9      | Reached XP level 11. HP: 36/76 MP: 6/11
 10177 | D:9      | Reached skill level 1 in Invocations
 10323 | D:9      | Reached *** piety under Okawaru
 10530 | D:10     | Entered Level 10 of the Dungeon
 11434 | D:10     | Found Loizirch's Magic Scroll Shop.
 11470 | D:10     | Received a gift from Okawaru
 11551 | D:10     | Reached **** piety under Okawaru
 11722 | D:10     | Noticed a hill giant
 11791 | D:10     | Killed a hill giant
 11885 | D:10     | HP: 3/76 [something (10)]
 11886 | D:10     | Mangled by a vampire

Skill      XL: |  1  2  3  4  5  6  7  8  9 10 11 |
---------------+----------------------------------+-----
Fighting       | 3 4 5 6 9 12 | 12.0
Dodging        | 3 4 7 9 10 11 | 11.0
Crossbows      | 5 10 12 | 12.2
Invocations    | 4 |  4.1
Stealth        | |  1.3

Action                   |  1- 3 |  4- 6 |  7- 9 | 10-12 || total
-------------------------+-------+-------+-------+-------++-------
Melee: Short sword       |   122 |   217 |       |       ||   339
       Hand crossbow     |       |     2 |       |       ||     2
       Rapier            |       |       |   303 |   416 ||   719
       War axe           |       |       |       |     3 ||     3
 Fire: Hand crossbow     |     6 |    96 |    14 |    72 ||   188
  Use: Potion            |       |     7 |     1 |     1 ||     9
       Scroll            |       |       |       |    15 ||    15
 Stab: Sleeping          |     3 |     3 |     1 |     4 ||    11
  Eat: Chunk             |    10 |    10 |     9 |    23 ||    52
Armor: Leather armour    |    21 |    36 |    28 |    46 ||   131
Dodge: Dodged            |    98 |   255 |   257 |   353 ||   963
